 Dungeon Crawl Stone Soup version 0.23-a0-622-g59b4ea9c50 (webtiles) character file.

310 Adamkad1 the Sneak (level 6, -1/30 HPs)
             Began as a Spriggan Enchanter on Dec 24, 2018.
             Slain by a gnoll
             ... wielding a +0 spear
              (8 damage)
             ... on level 5 of the Dungeon.
             The game lasted 00:09:49 (4852 turns).

Adamkad1 the Sneak (Spriggan Enchanter)             Turns: 4852, Time: 00:09:50

Health: -1/30      AC:  2    Str:  3 (4)  XL:     6   Next: 18%
Magic:  13/13      EV: 20    Int: 15 (16) God:
Gold:   253        SH:  5    Dex: 18 (19) Spells: 4/13 levels left

rFire    . . .     SeeInvis +   a - +1 dagger
rCold    . . .     Gourm    .   (shield restricted)
rNeg     . . .     Faith    .   b - +0 robe
rPois    .         Spirit   .   (helmet restricted)
rElec    .         Reflect  +   (no cloak)
rCorr    .         Harm     .   (gloves unavailable)
MR       +....                  (boots unavailable)
Stlth    +++.......             j - +5 amulet of reflection
HPRegen  0.10/turn              (no ring)
MPRegen  0.13/turn              (no ring)

@: starving, very quick
A: very small, unfitting armour, see invisible, herbivore, speed 3, slow
metabolism 2
a: no special abilities


You were on level 5 of the Dungeon.
You were starving.

You visited 1 branch of the dungeon, and saw 5 of its levels.

You collected 253 gold pieces.

Inventory:

Hand Weapons
 a - a +1 dagger (weapon)
Armour
 b - a +0 robe (worn)
Jewellery
 g - a +2 amulet of reflection
 j - a +5 amulet of reflection (around neck)
Wands
 q - a wand of digging (4)
Scrolls
 c - a scroll of immolation {unknown}
 e - 7 scrolls of identify {unknown}
 h - 5 scrolls of teleportation {unknown}
 k - 2 scrolls of remove curse {unknown}
 l - 2 scrolls of enchant weapon {unknown}
Potions
 o - 2 potions of curing
 p - 2 potions of haste


   Skills:
 + Level 1.3 Fighting
 + Level 2.2 Short Blades
 + Level 4.2 Dodging
 * Level 6.1 Stealth
 * Level 4.1 Spellcasting
 * Level 5.0 Hexes
 + Level 1.1 Ice Magic


You had 4 spell levels left.
You knew the following spells:

 Your Spells              Type           Power        Failure   Level  Hunger
a - Corona                Hex            ###....      2%          1    None
b - Ensorcelled Hibernat  Hex/Ice        ##....       8%          2    ##.....
c - Confuse               Hex            ###.....     7%          3    ###....
d - Dazzling Spray        Conj/Hex       ##....       19%         3    ###....

Your spell library contained the following spells:

 Spells                   Type           Power        Failure   Level  Hunger
 Tukima's Dance           Hex            ###.....     7%          3    ###....


Dungeon Overview and Level Annotations

Branches:
Dungeon (5/15)
 Temple: D:4-7

Altars:
Ashenzari
Cheibriados
Dithmenos
Fedhas
Hepliaklqana
Qazlal
Ru
Sif Muna
Wu Jian
Xom


Innate Abilities, Weirdness & Mutations

You are very small and have problems with some larger weapons.
You are too small for most types of armour.
You have supernaturally acute eyesight. (SInv)
You are a herbivore.
You cover ground extremely quickly.
You need to consume almost no food.


Message History

There is an open door here.
An adder skeleton comes into view.
Found a stone staircase leading up.
The centaur shoots an arrow.
The arrow closely misses you. The gnoll hits you but does no damage.
The gnoll hits you but does no damage. The gnoll misses you.
The gnoll throws a throwing net.
The throwing net misses you.
Found a scroll labeled SYBEOTS JEIZY and a scroll labeled JYRIPPA HUMM.
You see here a scroll labeled JYRIPPA HUMM.
c - a scroll labeled JYRIPPA HUMM The gnoll misses you.
The gnoll misses you. The gnoll closely misses you.
The leopard gecko hisses angrily.
The orc priest mumbles some strange prayers to Beogh against you.
Beogh smites you!
* * * LOW HITPOINT WARNING * * *
You block the leopard gecko's attack.
The gnoll hits you from afar with a +0 spear!
You die...

#.###.Z..##.#
#........##.#
#.####lZ(##.#
#(..ggg.o.#.#
#.#######'#'##..
#g# #.....o..#..
#o# #.....l..#..
#.####.#
#........##.
#...@..#
#........##.
#####.l#
#.)$.c(..##. #.g#
#........##> #.g#
#........+.. #..#
#........##. #..#
#.........#. #..#
#...........
##..###......(..#.
#......###..(.###.


You could see 2 gnolls and a leopard gecko.

Vanquished Creatures
  An ogre (D:3)
  An iguana (D:4)
  2 worker ants (D:4)
  4 gnolls (D:3)
  3 adders
  An ooze (D:1)
  3 worms
  6 dart slugs
  A leopard gecko (D:1)
  An orc (D:3)
  5 ball pythons
  5 giant cockroaches
  7 goblins
  2 hobgoblins
  2 jackals (D:3)
  2 quokkas
  3 bats
  3 frilled lizards
  A jackal skeleton (D:5)
  10 kobolds
  7 rats
70 creatures vanquished.

Notes
Turn   | Place    | Note
-------+----------+-------------------------------------------
     0 | D:1      | Adamkad1 the Spriggan Enchanter began the quest for the
                  | Orb.
     0 | D:1      | Reached XP level 1. HP: 9/9 MP: 5/5
   405 | D:1      | Reached XP level 2. HP: 3/13 MP: 3/6
   662 | D:1      | Learned a level 2 spell: Ensorcelled Hibernation
  1587 | D:1      | Reached XP level 3. HP: 16/17 MP: 2/8
  2523 | D:2      | Found a stormy altar of Qazlal.
  2970 | D:3      | Reached skill level 5 in Stealth
  2970 | D:3      | Reached XP level 4. HP: 21/21 MP: 4/9
  2976 | D:3      | Reached skill level 1 in Fighting
  3131 | D:3      | Found a snail-covered altar of Cheibriados.
  3142 | D:3      | Noticed an ogre
  3149 | D:3      | Killed an ogre
  3149 | D:3      | Reached skill level 1 in Ice Magic
  3149 | D:3      | Reached XP level 5. HP: 25/25 MP: 7/11
  3173 | D:3      | Found a faded altar of an unknown god.
  3247 | D:3      | Learned a level 3 spell: Confuse
  3251 | D:3      | Learned a level 3 spell: Dazzling Spray
  3340 | D:3      | Found a hazy altar of Hepliaklqana.
  3436 | D:3      | Found an ornate altar of the Wu Jian Council.
  4195 | D:4      | Reached skill level 6 in Stealth
  4195 | D:4      | Reached skill level 5 in Hexes
  4337 | D:4      | Reached XP level 6. HP: 30/30 MP: 13/13
  4558 | D:5      | Entered Level 5 of the Dungeon
  4589 | D:5      | Found a blossoming altar of Fedhas.
  4590 | D:5      | Found a sacrificial altar of Ru.
  4591 | D:5      | Found a shadowy altar of Dithmenos.
  4592 | D:5      | Found a shimmering altar of Xom.
  4593 | D:5      | Found a shattered altar of Ashenzari.
  4686 | D:5      | Found a deep blue altar of Sif Muna.
  4852 | D:5      | Slain by a gnoll

Vault maps used:
D:1:      nicolae_arrival_washed_ashore
D:2:      nicolae_qazlal_eye_of_the_storm
D:3:      old_standard_altar, old_standard_altar,
          lemuel_zombie_altar_yredelemnul,
          chequers_ecumenical_altar_simple_redux, minivault_5,
          kennysheep_slug_shrine
D:4:      uniq_crazy_yiuf_cottage
D:5:      led_sif_book, grunt_temple_overflow_open, first_ration, bloody_makhleb

Skill      XL: |  1  2  3  4  5 |
---------------+----------------+-----
Hexes          | 4 5 |  5.0
Spellcasting   | 3 4 |  4.1
Stealth        | 5 6 |  6.1
Fighting       | 1 |  1.3
Short Blades   | 2 |  2.2
Ice Magic      | 1 |  1.1
Dodging        | 4 |  4.2

Action                   |  1- 3 |  4- 6 || total
-------------------------+-------+-------++-------
Melee: Dagger            |   163 |   125 ||   288
 Cast: Corona            |     5 |       ||     5
       Ensorcelled Hiber |    28 |    13 ||    41
  Use: Potion            |       |     8 ||     8
 Stab: Sleeping          |    16 |    15 ||    31
  Eat: Ration            |       |     1 ||     1
Armor: Robe              |    14 |     8 ||    22
Dodge: Dodged            |   123 |    95 ||   218
Block: Other             |    17 |    24 ||    41
       Reflection        |     1 |     2 ||     3

Table legend:
 A = Non-vault XP
 B = Vault XP
 C = Vault XP percentage of total XP
 D = Non-vault monster count
 E = Vault monster count
 F = Vault count percentage of total count
                 A         B        C        D         E       F
            +---------+---------+-------+---------+---------+-------
      Total |     440 |       4 |   0.9 |      69 |       1 |   1.4
            +---------+---------+-------+---------+---------+-------
        D:1 |      42 |       0 |   0.0 |      21 |       0 |   0.0
        D:2 |      42 |       0 |   0.0 |      14 |       0 |   0.0
        D:3 |     216 |       4 |   1.8 |      25 |       1 |   3.8
        D:4 |     139 |       0 |   0.0 |       8 |       0 |   0.0
        D:5 |       1 |       0 |   0.0 |       1 |       0 |   0.0
            +---------+---------+-------+---------+---------+-------
